 Dungeon Crawl Stone Soup version 0.29-a0-275-g389c0b56f3 (webtiles) character file.

Game seed: 8433333082886856443

102 testman the Gusty (level 4, -3/34 HPs)
             Began as a Gnoll Wanderer on Mar 10, 2022.
             Slain by an adder (5 damage)
             ... on level 2 of the Dungeon.
             The game lasted 00:07:59 (2309 turns).

testman the Gusty (Gnoll Wanderer)                  Turns: 2309, Time: 00:08:00

Health: -3/34      AC:  2    Str:  9    XL:     4   Next: 77%
Magic:  10/11      EV: 12    Int: 12    God:
Gold:   63         SH:  0    Dex: 15    Spells: 12/13 levels left

rFire   . . .      SeeInvis .   a - +0 hand axe
rCold   . . .      Faith    .   (no shield)
rNeg    . . .      Spirit   .   e - +0 robe
rPois   .          Reflect  .   (no helmet)
rElec   .          Harm     .   (no cloak)
rCorr   .          Rampage  .   (no gloves)
Will    .....                   (no boots)
Stlth   ++........              (no amulet)
HPRegen 0.11/turn               (no ring)
MPRegen 0.12/turn               (no ring)

@: lethally poisoned (-3 -> -4)
A: fangs 1, strong nose, distributed training
a: no special abilities


You were on level 2 of the Dungeon.
You visited 1 branch of the dungeon, and saw 2 of its levels.

You collected 63 gold pieces.

Inventory:

Hand Weapons
 a - a +0 hand axe (weapon)
 c - a +0 dagger
Missiles
 b - 12 poisoned darts
 f - 60 stones
Armour
 e - a +0 robe (worn)
Scrolls
 d - a scroll of fear
 g - 2 scrolls of teleportation {unknown}
 i - a scroll of silence {unknown}
 l - a scroll of fog {unknown}
Potions
 h - a potion of curing {unknown}
 j - a potion of degeneration {unknown}
 k - a potion of cancellation {unknown}
 m - a potion of flight {unknown}
 n - 2 potions of brilliance {unknown}


   Skills:
 + Level 2.8 Fighting
 + Level 1.2 Short Blades
 + Level 1.2 Long Blades
 + Level 4.7 Axes
 + Level 1.2 Maces & Flails
 + Level 1.2 Polearms
 + Level 1.2 Staves
 + Level 1.2 Slings
 + Level 1.2 Bows
 + Level 1.2 Crossbows
 + Level 2.8 Throwing
 + Level 1.2 Armour
 + Level 1.2 Dodging
 + Level 2.6 Stealth
 + Level 1.2 Shields
 + Level 1.2 Unarmed Combat
 + Level 5.1 Spellcasting
 + Level 1.0 Conjurations
 + Level 1.0 Hexes
 + Level 1.0 Summonings
 + Level 1.0 Necromancy
 + Level 1.0 Translocations
 + Level 1.0 Transmutations
 + Level 1.0 Fire Magic
 + Level 1.0 Ice Magic
 + Level 5.5 Air Magic
 + Level 1.0 Earth Magic
 + Level 1.0 Poison Magic
 + Level 1.3 Invocations
 + Level 1.2 Evocations


You had 12 spell levels left.
You knew the following spells:

 Your Spells              Type           Power      Damage    Failure   Level
a - Shock                 Conj/Air       40%        1d5       5%          1

Your spell library contained the following spells:

 Spells                   Type           Power      Damage    Failure   Level
 Mephitic Cloud           Conj/Pois/Air  9%         N/A       22%         3
 Summon Lightning Spire   Summ/Air       10%        N/A       45%         4


Dungeon Overview and Level Annotations

Branches:
Dungeon (2/15)

Altars:


Innate Abilities, Weirdness & Mutations

You have very sharp teeth.
Your uncanny sense of smell can sniff out nearby items.
Your experience applies equally to all skills.


Message History

You are poisoned.
The adder poisons you!
You barely miss the adder. Your bite misses the adder.
The adder is severely wounded.
You feel sick. The adder bites you but does no damage. The adder misses you.
You closely miss the adder.
The adder is severely wounded.
You feel sick. The adder bites you.
You are more poisoned.
The adder poisons you!
You are too injured to fight recklessly!
You are too injured to fight recklessly!
You barely miss the adder. Your bite misses the adder.
The adder is severely wounded.
You feel sick. The adder closely misses you.
You barely miss the adder.
The adder is severely wounded.
You feel sick. The adder bites you but does no damage. The adder bites you.
You barely miss the adder. You bite the adder, but do no damage.
The adder is severely wounded.
You feel sick. The adder barely misses you.
You hit the adder but do no damage. Your bite misses the adder.
The adder is severely wounded.
You feel sick. The adder barely misses you.
Aiming: Shock (safe; 5% risk of failure)
Press: ? - help, Q - select action, (/) - cycle Shift-Dir - straight line, f - adder
Aim: an adder (severely wounded, 48% to hit)
The zap hits the adder.
The adder is severely wounded.
You feel sick. The adder barely misses you. The adder bites you.
* * * LOW HITPOINT WARNING * * *
You completely miss the adder.
The adder is severely wounded.
You feel sick. The adder bites you.
* * * LOW HITPOINT WARNING * * *
You closely miss the adder.
The adder is severely wounded.
* * * LOW HITPOINT WARNING * * *
You feel sick. The adder bites you.
You die...

#..).#######
#...#..## #.#
...#.##..##
#.#
...#.###..##
#.# .....#
##..# #.# ..
### ##.# #.#
# ∆ #.#####.#
#....##S#
####.##@## ∆
####.......#
............#
.####.......#
....
#..##..##
..... ...#
#.$# .....
...## #..#
..... ...
.... ..... ..
.....


You could see an adder.

Vanquished Creatures
  Jessica (D:2)
  3 adders (D:2)
  A worm (D:2)
  A dart slug (D:1)
  3 endoplasms
  A giant cockroach (D:1)
  5 goblins (D:1)
  3 hobgoblins
  6 jackals (D:1)
  2 ball pythons (D:1)
  A bat (D:1)
  4 frilled lizards
  9 kobolds
  5 rats
45 creatures vanquished.

Vanquished Creatures (others)
  2 plants (D:1)
  5 toadstools (D:1)
7 creatures vanquished.

Grand Total: 52 creatures vanquished

Notes
Turn   | Place    | Note
-------+----------+-------------------------------------------
     0 | D:1      | testman the Gnoll Wanderer began the quest for the Orb.
     0 | D:1      | testman set off with the following items: a +0 hand axe, 12
                  | poisoned darts, a +0 dagger, a scroll of fear, a +0 robe;
                  | and the following spell memorised: Shock; and the following
                  | spells available to memorise: Mephitic Cloud, Summon
                  | Lightning Spire
     0 | D:1      | Reached XP level 1. HP: 17/17 MP: 6/6
   252 | D:1      | Reached XP level 2. HP: 9/23 MP: 7/7
   971 | D:1      | Reached XP level 3. HP: 28/28 MP: 9/9
   980 | D:1      | Reached skill level 5 in Spellcasting
  1311 | D:2      | Noticed Jessica
  1470 | D:1      | Reached skill level 1 in Invocations
  1669 | D:2      | Reached skill level 1 in Short Blades
  1669 | D:2      | Reached skill level 1 in Long Blades
  1669 | D:2      | Reached skill level 1 in Maces & Flails
  1669 | D:2      | Reached skill level 1 in Polearms
  1669 | D:2      | Reached skill level 1 in Staves
  1669 | D:2      | Reached skill level 1 in Slings
  1669 | D:2      | Reached skill level 1 in Bows
  1669 | D:2      | Reached skill level 1 in Crossbows
  1669 | D:2      | Reached skill level 1 in Armour
  1669 | D:2      | Reached skill level 1 in Dodging
  1669 | D:2      | Reached skill level 1 in Shields
  1669 | D:2      | Reached skill level 1 in Unarmed Combat
  1669 | D:2      | Reached skill level 1 in Evocations
  1672 | D:2      | Killed Jessica
  1673 | D:2      | Reached XP level 4. HP: 16/34 MP: 11/11
  2054 | D:2      | Reached skill level 1 in Conjurations
  2054 | D:2      | Reached skill level 1 in Hexes
  2054 | D:2      | Reached skill level 1 in Summonings
  2054 | D:2      | Reached skill level 1 in Necromancy
  2054 | D:2      | Reached skill level 1 in Translocations
  2054 | D:2      | Reached skill level 1 in Transmutations
  2054 | D:2      | Reached skill level 1 in Fire Magic
  2054 | D:2      | Reached skill level 1 in Ice Magic
  2054 | D:2      | Reached skill level 1 in Earth Magic
  2054 | D:2      | Reached skill level 1 in Poison Magic
  2309 | D:2      | Slain by an adder

Illustrated notes

Levels and vault maps discovered:
D:1:      ldierk_walled_garden, layout_basic, serial_forest,
          infiniplex_forest_clump_tiny, infiniplex_forest_clump_small,
          infiniplex_forest_zigzag_2, infiniplex_forest_clump_tiny,
          infiniplex_forest_end_2, infiniplex_forest_lined_4_way
D:2:      layout_rooms, hangedman_glass_teeth, uniq_jessica

Skill      XL: |  1  2  3  4 |
---------------+-------------+-----
Spellcasting   | 5 |  5.1
Invocations    | 1 |  1.3
Short Blades   | 1 |  1.2
Long Blades    | 1 |  1.2
Maces & Flails | 1 |  1.2
Polearms       | 1 |  1.2
Staves         | 1 |  1.2
Slings         | 1 |  1.2
Bows           | 1 |  1.2
Crossbows      | 1 |  1.2
Armour         | 1 |  1.2
Dodging        | 1 |  1.2
Shields        | 1 |  1.2
Unarmed Combat | 1 |  1.2
Evocations     | 1 |  1.2
Conjurations   | 1 |  1.0
Hexes          | 1 |  1.0
Summonings     | 1 |  1.0
Necromancy     | 1 |  1.0
Translocations | 1 |  1.0
Transmutations | 1 |  1.0
Fire Magic     | 1 |  1.0
Ice Magic      | 1 |  1.0
Earth Magic    | 1 |  1.0
Poison Magic   | 1 |  1.0
Fighting       | |  2.8
Axes           | |  4.7
Throwing       | |  2.8
Stealth        | |  2.6
Air Magic      | |  5.5

Action                   |  1- 3 |  4- 6 || total
-------------------------+-------+-------++-------
Melee: Hand axe          |    93 |    29 ||   122
       Bite              |     8 |     2 ||    10
 Cast: Shock             |    18 |    22 ||    40
 Stab: Sleeping          |     3 |     1 ||     4
Armor: Robe              |    20 |     2 ||    22
Dodge: Dodged            |    59 |    20 ||    79

Table legend: (Time is in decaauts)
 A = Elapsed time spent in this place.
 B = Non-inter-level travel time spent in this place.
 C = Inter-level travel time spent in this place.
 D = Time resting spent in this place.
 E = Time spent auto-exploring this place.
 F = Levels seen in this place.
 G = Mean time per level.
                   A        B        C        D        E       F      G
               +--------+--------+--------+--------+--------+-----+--------+
         Total |   2322 |   2306 |     16 |   1204 |    769 |   2 | 1161.0 |
       Dungeon |   2322 |   2306 |     16 |   1204 |    769 |   2 | 1161.0 |
               +--------+--------+--------+--------+--------+-----+--------+

Top non-repeatable levels by time:
     D:1: 1656 daAuts
     D:2: 666 daAuts
